 Dungeon Sprint DCSS version 0.28-a0-1235-g7c8fac35f0 (webtiles) character file.

Game seed: 10144058572946419585

11843 mhtbhm the Phalangite (level 11, -2/111 HPs)
             Began as a Merfolk Berserker on Dec 24, 2021.
             Was the Champion of Trog.
             Slain by a death yak (15 damage)
             ... in the Dungeon (Sprint IX: "|||||||||||||||||||||||||||||").
             The game lasted 00:02:22 (1408 turns).

mhtbhm the Phalangite (Merfolk Berserker)           Turns: 1408, Time: 00:02:23

Health: -2/111     AC: 10    Str: 22    XL:     11   Next: 84%
Magic:  11/11      EV: 20    Int:  6    God:    Trog [******]
Gold:   10         SH:  0    Dex: 14    Spells: 10/10 levels left

rFire   . . .      SeeInvis .   a - +2 glaive (vorpal)
rCold   . . .      Faith    .   (shield currently unavailable)
rNeg    . . .      Spirit   .   b - +0 troll leather armour
rPois   .          Reflect  .   (no helmet)
rElec   .          Harm     .   m - +0 cloak
rCorr   .          Rampage  .   (no gloves)
Will    .....      NoTele   +   n - +0 pair of boots
Stlth   ++........              (no amulet)
HPRegen 1.08/turn               l - +2 ring of evasion
MPRegen 0.12/turn               k - +2 ring of protection

@: on berserk cooldown, slowed, very slow
A: (nimble swimmer 2), mertail
a: Renounce Religion, Berserk, Trog's Hand, Brothers in Arms


You were in the Dungeon.
You worshipped Trog.
Trog was exalted by your worship.
You visited 1 branch You collected 10 gold pieces.

Inventory:

Hand Weapons
 a - a +2 vorpal glaive (weapon)
Armour
 b - a +0 troll leather armour (worn)
 m - a +0 cloak (worn)
 n - a +0 pair of boots (worn)
Jewellery
 k - a +2 ring of protection (right hand)
 l - a +2 ring of evasion (left hand)
Wands
 j - a wand of iceblast (10)
Scrolls
 h - 4 scrolls of blinking
 o - a scroll of identify
 q - 2 scrolls of enchant armour
 r - a scroll of fog
Potions
 c - 6 potions of curing
 d - 7 potions of heal wounds
 e - 3 potions of haste
 f - 4 potions of magic
 g - a potion of berserk rage
 i - a potion of invisibility
Miscellaneous
 p - a box of beasts


   Skills:
 + Level 19.1 Fighting
 + Level 25.0 Polearms
 + Level 7.6 Armour
 + Level 13.6 Dodging
 + Level 4.5 Stealth


You had 10 spell levels left.
You didn't know any spells.
Your spell library was empty.

Dungeon Overview and Level Annotations

Branches:
Dungeon (1/1)

Altars:
Cheibriados
Dithmenos
Elyvilon
Fedhas
Gozag
Hepliaklqana
Kikubaaqudgha
Makhleb
Nemelex Xobeh
Okawaru
Qazlal
Ru
Sif Muna
Trog
Uskayaw
Vehumet
Wu Jian
Xom
Yredelemnul
Zin
The Shining One
Beogh
Jiyva
Lugonu


Innate Abilities, Weirdness & Mutations

((You are very nimble when in or above water. (Stealth+, EV+, Speed+++)))
Your lower body shifts to a powerful aquatic tail in water.


Message History

The death yak misses you.
You slice the death yak!!
You kill the death yak!
Trog accepts your kill.
Your Polearms skill increases to level 25!
You completely miss the death yak. The death yak gores you!
You are too injured to fight recklessly!
You are too injured to fight recklessly!
You are too injured to fight recklessly!
You are too injured to fight recklessly!
You are too injured to fight recklessly!
You are too injured to fight recklessly!
You are too injured to fight recklessly!
You are too injured to fight recklessly!
You are too injured to fight recklessly!
You are too injured to fight recklessly!
You are too injured to fight recklessly!
You are too injured to fight recklessly!
You are too injured to fight recklessly!
You completely miss the death yak. The death yak gores you.
You hit the death yak but do no damage. The death yak completely misses you.
You barely miss the death yak. The death yak gores you!
You slice the death yak!!
The death yak is heavily wounded.
The death yak gores you but does no damage.
You completely miss the death yak.
The death yak is heavily wounded.
The death yak gores you.
You hit the death yak.
The death yak is heavily wounded.
The death yak gores you!
* * * LOW HITPOINT WARNING * * *
You slice the death yak!!
The death yak is almost dead.
The death yak gores you!
* * * LOW HITPOINT WARNING * * *
You hit the death yak but do no damage.
The death yak is almost dead.
The death yak gores you!
You die...

▓▓▓▓▓▓▓▓▓▓▓▓▓▓▓▓▓▓▓▓▓▓▓▓
......Y@.........)......
▓▓▓▓▓▓▓▓▓▓▓▓▓▓▓▓▓▓▓▓▓▓▓▓▓▓▓▓▓▓▓▓▓
.................................
▓▓▓▓▓▓▓▓▓▓▓▓▓▓▓▓▓▓▓▓▓▓▓▓▓▓▓▓▓▓▓▓▓
[.))..)..[.).)?.'________________
▓▓▓▓▓▓▓▓▓▓▓▓▓▓▓▓▓▓▓▓▓▓▓▓▓▓▓▓▓▓▓▓▓


You could see a death yak.

Vanquished Creatures
  3 hydras (D)
  A boulder beetle (D)
  A catoblepas (D)
  6 death yaks (D)
  A deep elf pyromancer (D)
  An oklob plant (D)
  A manticore (D)
  A black mamba (D)
  A gargoyle (D)
  A cane toad (D)
  A rime drake (D)
  3 komodo dragons (D)
  2 trolls (D)
  2 blink frogs (D)
  3 wyverns (D)
  2 yaks (D)
  A vampire mosquito (D)
  2 acid dragons (D)
  2 water moccasins (D)
  A black bear (D)
  2 ogres (D)
  A bullfrog (D)
  A hound (D)
  An adder zombie (D)
  An endoplasm (D)
  2 giant cockroaches (D)
  A quokka (D)
  A ball python (D)
  A kobold (D)
47 creatures vanquished.

Notes
Turn   | Place    | Note
-------+----------+-------------------------------------------
     0 | D        | mhtbhm the Merfolk Berserker began the quest for the Orb.
     0 | D        | Reached XP level 1. HP: 18/18 MP: 1/1
    13 | D        | Reached skill level 5 in Polearms
    13 | D        | Reached ** piety under Trog
   111 | D        | Noticed a hound
   111 | D        | Noticed an ogre
   111 | D        | Noticed an ogre
   117 | D        | Killed an ogre
   118 | D        | Reached skill level 8 in Polearms
   118 | D        | Reached XP level 2. HP: 29/29 MP: 2/2
   118 | D        | Reached XP level 3. HP: 35/35 MP: 3/3
   118 | D        | Reached XP level 4. HP: 41/41 MP: 4/4
   122 | D        | Killed an ogre
   122 | D        | Reached *** piety under Trog
   123 | D        | Reached skill level 10 in Polearms
   123 | D        | Reached skill level 5 in Dodging
   123 | D        | Reached XP level 5. HP: 49/49 MP: 5/5
   128 | D        | Reached skill level 11 in Polearms
   183 | D        | Found a snail-covered altar of Cheibriados.
   183 | D        | Found a shadowy altar of Dithmenos.
   183 | D        | Found a white marble altar of Elyvilon.
   183 | D        | Found a blossoming altar of Fedhas.
   183 | D        | Found an opulent altar of Gozag.
   184 | D        | Found a hazy altar of Hepliaklqana.
   185 | D        | Found a viscous altar of Jiyva.
   186 | D        | Found an ancient bone altar of Kikubaaqudgha.
   187 | D        | Found a corrupted altar of Lugonu.
   188 | D        | Found a burning altar of Makhleb.
   189 | D        | Found a sparkling altar of Nemelex Xobeh.
   190 | D        | Found an iron altar of Okawaru.
   191 | D        | Found a stormy altar of Qazlal.
   192 | D        | Found a sacrificial altar of Ru.
   193 | D        | Found a shimmering blue altar of Sif Muna.
   194 | D        | Found a bloodstained altar of Trog.
   195 | D        | Found a hide-covered altar of Uskayaw.
   196 | D        | Found a radiant altar of Vehumet.
   197 | D        | Found an ornate altar of the Wu Jian Council.
   198 | D        | Found a shimmering altar of Xom.
   199 | D        | Found a basalt altar of Yredelemnul.
   200 | D        | Found a glowing silver altar of Zin.
   201 | D        | Found a glowing golden altar of the Shining One.
   266 | D        | Noticed an acid dragon
   266 | D        | Noticed a troll
   266 | D        | Noticed a wyvern
   266 | D        | Noticed a yak
   266 | D        | Noticed a yak
   266 | D        | Noticed a gargoyle
   273 | D        | Killed a gargoyle
   274 | D        | Reached skill level 10 in Fighting
   274 | D        | Reached skill level 14 in Polearms
   274 | D        | Reached skill level 1 in Stealth
   274 | D        | Reached XP level 6. HP: 57/61 MP: 6/6
   274 | D        | Reached XP level 7. HP: 62/67 MP: 7/7
   278 | D        | Killed a yak
   278 | D        | Reached **** piety under Trog
   279 | D        | Reached skill level 15 in Polearms
   282 | D        | Killed a yak
   284 | D        | Killed a wyvern
   285 | D        | Reached skill level 16 in Polearms
   285 | D        | Reached XP level 8. HP: 64/76 MP: 8/8
   289 | D        | Killed a troll
   297 | D        | Reached skill level 17 in Polearms
   468 | D        | Noticed a troll
   468 | D        | Noticed a manticore
   468 | D        | Noticed a boulder beetle
   468 | D        | Noticed a deep elf pyromancer
   479 | D        | Killed a boulder beetle
   480 | D        | Reached skill level 18 in Polearms
   480 | D        | Reached XP level 9. HP: 85/85 MP: 9/9
   485 | D        | Killed a deep elf pyromancer
   485 | D        | Reached ***** piety under Trog
   485 | D        | Received a gift from Trog
   486 | D        | Reached skill level 19 in Polearms
   633 | D        | Killed a manticore
   634 | D        | Reached skill level 20 in Polearms
   639 | D        | Killed a troll
   640 | D        | Reached skill level 5 in Armour
   812 | D        | Noticed a black mamba
   812 | D        | Noticed a rime drake
   812 | D        | Noticed a komodo dragon
   815 | D        | Killed a komodo dragon
   816 | D        | Reached skill level 15 in Fighting
   816 | D        | Reached skill level 10 in Dodging
   816 | D        | Reached XP level 10. HP: 96/96 MP: 10/10
   821 | D        | Reached skill level 21 in Polearms
   825 | D        | Received a gift from Trog
   828 | D        | Killed a black mamba
   837 | D        | Reached skill level 22 in Polearms
   881 | D        | Noticed a six-headed hydra
   881 | D        | Noticed an oklob plant
   883 | D        | Noticed a cane toad
   888 | D        | Noticed a four-headed hydra
   889 | D        | Noticed a four-headed hydra
   894 | D        | Killed an oklob plant
  1042 | D        | Killed a 14-headed hydra
  1043 | D        | Reached skill level 23 in Polearms
  1047 | D        | Received a gift from Trog
  1202 | D        | Killed a ten-headed hydra
  1203 | D        | Reached XP level 11. HP: 107/107 MP: 11/11
  1269 | D        | Killed an 18-headed hydra
  1354 | D        | Noticed a death yak
  1354 | D        | Noticed a death yak
  1354 | D        | Noticed a death yak
  1354 | D        | Noticed a death yak
  1354 | D        | Noticed a catoblepas
  1354 | D        | Noticed a death yak
  1359 | D        | Noticed a death yak
  1366 | D        | Killed a death yak
  1367 | D        | Reached skill level 24 in Polearms
  1368 | D        | Killed a catoblepas
  1369 | D        | Noticed a death yak
  1373 | D        | Killed a death yak
  1373 | D        | Received a gift from Trog
  1379 | D        | Killed a death yak
  1379 | D        | Reached ****** piety under Trog
  1386 | D        | Killed a death yak
  1390 | D        | Killed a death yak
  1399 | D        | Killed a death yak
  1400 | D        | Reached skill level 25 in Polearms
  1408 | D        | Slain by a death yak

Illustrated notes

Levels and vault maps discovered:
D:        linesprint [early_d, line_temple, items_1, d_10, items_2, lair_1,
          lair_end, items_3, orc_1, orc_end, items_4, d_15, swamp_1, shoals_1,
          snake_1, spider_1, d_20, vaults_1, items_5, swamp_end, shoals_end,
          snake_end, spider_end, vaults_end, d_27, items_6, zot_1, zot_end,
          crypt_end, forest_end, elf_end, slime_end, tomb_end, abyss_end,
          pan_hell_end]

Skill      XL: |  1  2  3  4  5  6  7  8  9 10 11 |
---------------+----------------------------------+-----
Polearms       | 8 10 14 16 18 20 23 25 | 25.0
Dodging        | 4 5 7 8 9 10 11 13 | 13.6
Fighting       | 6 8 10 12 13 15 17 19 | 19.1
Armour         | 2 3 4 5 6 7 |  7.6
Stealth        | 1 2 3 4 |  4.5

Action                   |  1- 3 |  4- 6 |  7- 9 | 10-12 || total
-------------------------+-------+-------+-------+-------++-------
Melee: Spear             |    21 |    18 |       |       ||    39
       Halberd           |       |     6 |    58 |    77 ||   141
       Glaive            |       |       |       |    52 ||    52
Invok: Berserk           |     1 |     1 |     3 |     5 ||    10
  Use: Scroll            |       |       |       |     1 ||     1
Armor: Animal skin       |     3 |     1 |       |       ||     4
       Chain mail        |       |       |    12 |       ||    12
       Troll leather arm |       |       |       |    40 ||    40
Dodge: Dodged            |     6 |     3 |    18 |    81 ||   108

Table legend: (Time is in decaauts)
 A = Elapsed time spent in this place.
 B = Non-inter-level travel time spent in this place.
 C = Inter-level travel time spent in this place.
 D = Time resting spent in this place.
 E = Time spent auto-exploring this place.
 F = Levels seen in this place.
 G = Mean time per level.
                   A        B        C        D        E       F      G
               +--------+--------+--------+--------+--------+-----+--------+
         Total |   1410 |   1410 |      0 |    941 |      3 |   1 | 1410.0 |
       Dungeon |   1410 |   1410 |      0 |    941 |      3 |   1 | 1410.0 |
               +--------+--------+--------+--------+--------+-----+--------+

Top non-repeatable levels by time:
       D: 1410 daAuts
